 Seeded DCSS version 0.29.1-15-g9cfb28693d (webtiles) character file.

Game seed: 17936887422911195022 (custom seed)

2730 Psyclone the Thaumaturge (level 9, -2/46 HPs)
             Began as a Deep Elf Conjurer on Sept 22, 2023.
             Was an Initiate of Ashenzari.
             Slain by a killer bee (6 damage)
             ... summoned by an orange crystal statue
             ... on level 7 of the Dungeon.
             The game lasted 00:26:36 (9018 turns).

Psyclone the Thaumaturge (Deep Elf Conjurer)        Turns: 9018, Time: 00:26:36

Health: -2/46      AC: 10    Str:  2    XL:     9   Next: 40%
Magic:  19/27      EV: 12    Int: 38    God:    Ashenzari [......]
Gold:   519        SH:  0    Dex: 11    Spells: 22/32 levels left

rFire   . . .      SeeInvis .   F - +6 dagger (venom)
rCold   + + +      Faith    .   (no shield)
rNeg    . . .      Spirit   .   a - +0 robe
rPois   .          Reflect  .   y - +2 helmet
rElec   .          Harm     .   e - +0 cloak
rCorr   .          Rampage  .   (no gloves)
Will    .....                   (no boots)
Stlth   ++........              (no amulet)
HPRegen 0.15/turn               i - ring of Xoifex {rC+++ AC+4 Str-2 Int+10 Dex-2}
MPRegen 0.20/turn               E - ring of wizardry

@: no status effects
A: no striking features
a: Renounce Religion


You were on level 7 of the Dungeon.
You worshipped Ashenzari.
Ashenzari was noncommittal.
You visited 2 branches of the dungeon, and saw 8 of its levels.
You also visited: Ossuary.

You collected 519 gold pieces.

Inventory:

Hand Weapons
 F - a +6 dagger of venom (weapon)
Armour
 a - a +0 robe (worn)
 e - a +0 cloak (worn)
 y - a +2 helmet (worn)
Jewellery
 c - a ring of protection from cold
 i - the ring of Xoifex (left hand) {rC+++ AC+4 Str-2 Int+10 Dex-2}
   (You found it on level 3 of the Dungeon)

   [ring of protection]

   AC:        It affects your AC (+4).
   Str:       It affects your strength (-2).
   Int:       It affects your intelligence (+10).
   Dex:       It affects your dexterity (-2).
   rC:        It renders you almost immune to cold.
 n - a ring of protection from cold
 E - a ring of wizardry (right hand)
Scrolls
 f - 3 scrolls of blinking
 g - a scroll of enchant armour
 j - a scroll of torment
 k - 3 scrolls of butterflies
 l - 2 scrolls of magic mapping
 m - 2 scrolls of fear
 p - 3 scrolls of teleportation
 s - a scroll of summoning
 v - 2 scrolls of amnesia
 z - a scroll of silence {!r}
 B - 2 scrolls of noise
 C - a scroll of vulnerability {unknown}
Potions
 b - a potion of magic
 d - 3 potions of flight {unknown}
 h - 2 potions of brilliance {unknown}
 o - a potion of berserk rage {unknown}
 q - 2 potions of heal wounds {unknown}
 r - a potion of might {unknown}
 t - 4 potions of haste {unknown}
 u - 3 potions of curing
 w - a potion of invisibility {unknown}
 x - a potion of cancellation {unknown}
 A - a potion of mutation {unknown}
 D - a potion of ambrosia {unknown}
 G - a potion of lignification {unknown}


   Skills:
 + Level 0.3 Fighting
 + Level 2.6 Dodging
 - Level 2.4 Stealth
 - Level 12.1 Spellcasting
 - Level 10.9 Conjurations
 + Level 0.5 Fire Magic


You had 22 spell levels left.
You knew the following spells:

 Your Spells              Type           Power      Damage    Failure   Level
a - Magic Dart            Conj           100%       1d8       0%          1
b - Searing Ray           Conj           100%       2d8       1%          2
c - Conjure Flame         Conj/Fire      61%        6-21      1%          3
d - Fulminant Prism       Conj/Hex       29%        3d14      1%          4

Your spell library contained the following spells:

 Spells                   Type           Power      Damage    Failure   Level
 Summon Small Mammal      Summ           92%        N/A       1%          1
 Call Canine Familiar     Summ           23%        N/A       1%          3
 Dazzling Flash           Conj/Hex       100%       N/A       1%          3
 Ignite Poison            Fire/Tmut/Pois 24%        N/A       1%          3
 Summon Guardian Golem    Hex/Summ       23%        N/A       1%          3
 Iskenderun's Mystic Bla  Conj/Tloc      59%        2d12      1%          4
 Sticky Flame             Conj/Fire      61%        2d8       1%          4


Dungeon Overview and Level Annotations

Branches:
Dungeon (7/15) Zot: 26543  Temple (1/1) D:7 Zot: 5806 Ossuary (visited)

Altars:
Ashenzari
Cheibriados
Dithmenos
Elyvilon
Gozag
Hepliaklqana
Kikubaaqudgha
Makhleb
Nemelex Xobeh
Okawaru
Qazlal
Ru
Trog
Vehumet
Wu Jian
Yredelemnul
Zin
The Shining One

Shops:
D:5 !*=

Annotations:
D:7 1 runed translucent door, exclusion: orange crystal statue


Message History

You take 14 damage, and have 26/46 hp.
MASSIVE DAMAGE!!
Casting: Fulminant Prism (dangerous; 1% risk of failure)
Confirm with . or Enter, or press ? or * to list all spells.
Aiming: Searing Ray (safe; 1% risk of failure)
Press: ? - help, Shift-Dir - straight line, f - killer bee
Aim: a killer bee (summoned, 65% to hit)
The searing ray hits the killer bee!
The killer bee is severely wounded.
The searing ray misses the hound.
The searing ray hits the centaur!
The centaur is heavily wounded. (Press . to maintain the ray.)
You feel very sick. The killer bee completely misses you.
The killer bee stings you.
You are more poisoned.
The killer bee poisons you! The killer bee stings you.
The killer bee stings you but does no damage.
You take 10 damage, and have 16/46 hp.
MASSIVE DAMAGE!!
You now have 20/27 mp.
The searing ray hits the killer bee!
You kill the killer bee!
The killer bee's corpse dissolves into shadows!
The searing ray hits the hound!
The hound is heavily wounded.
* * * LOW HITPOINT WARNING * * *
You feel very sick.
The centaur wields a +0 shortbow.
The centaur shoots an arrow.
The arrow hits you.
* * * LOW HITPOINT WARNING * * *
The killer bee misses you.
The killer bee stings you but does no damage.
The killer bee stings you.
* * * LOW HITPOINT WARNING * * *
The killer bee stings you but does no damage.
You take 13 damage, and have 3/46 hp.
MASSIVE DAMAGE!!
You now have 19/27 mp.
It was a potion of curing.
You feel better. The killer bee barely misses you. The hound bites you.
* * * LOW HITPOINT WARNING * * *
The killer bee barely misses you. The hound bites you.
* * * LOW HITPOINT WARNING * * *
The killer bee stings you.
You die...

##.#########.......
##..#8.y... #..#####
#...#.#...#.#..#....
#.#.#c......#..#....
####.#.'.c.[...+..#+###
#......#.......#.##.###
#.....c#.#...#.#.......
#....yh# ..... #.#.....
#....y@#########.......
#................+.....
#................######
#########..............
#..............
#..............
#..............
#..............
########'######


You could see a centaur (summoned), a hound (summoned) and 2 killer bees.

Vanquished Creatures
  Prince Ribbit (D:6)
  Sigmund (D:6)
  Menkaure (D:5)
  A water moccasin (D:6)
  3 black bears
  An ogre (D:5)
  2 centaurs (D:6)
  A kobold brigand (D:6)
  2 phantoms
  A bullfrog (D:7)
  A necrophage (D:6)
  5 scorpions
  5 wights (D:6)
  4 hounds
  2 gnoll boudas (D:5)
  Crazy Yiuf (D:7)
  A jelly (D:5)
  5 iguanas
  8 mummies (Ossuary)
  6 adders
  10 gnolls (D:5)
  A white imp (D:6)
  2 ufetubi
  2 worms
  A dart slug (D:4)
  19 orcs
  6 endoplasms
  7 giant cockroaches
  3 gnoll zombies (Ossuary)
  8 goblins
  6 hobgoblins
  3 jackals (D:4)
  3 quokkas
  7 ball pythons
  3 bats
  4 frilled lizards
  3 hobgoblin zombies (Ossuary)
  6 kobolds
  2 orc zombies (Ossuary)
  9 rats
157 creatures vanquished.

Vanquished Creatures (others)
  7 fulminant prisms
7 creatures vanquished.

Grand Total: 164 creatures vanquished

Notes
Turn   | Place    | Note
-------+----------+-------------------------------------------
     0 | D:1      | Psyclone the Deep Elf Conjurer began the quest for the Orb.
     0 | D:1      | Reached XP level 1. HP: 10/10 MP: 6/6
   446 | D:1      | Reached XP level 2. HP: 15/15 MP: 4/8
  1187 | D:1      | Found a faded altar of an unknown god.
  1284 | D:2      | Reached skill level 4 in Spellcasting
  1284 | D:2      | Reached skill level 5 in Conjurations
  1284 | D:2      | Reached XP level 3. HP: 19/19 MP: 5/10
  2253 | D:3      | Found an ornate altar of the Wu Jian Council.
  2297 | D:3      | Identified the ring of Xoifex {rC+++ AC+4 Str-2 Int+10
                  | Dex-2}
  2368 | D:3      | Learned a level 2 spell: Searing Ray
  2371 | D:3      | Reached XP level 4. HP: 24/24 MP: 6/12
  2378 | D:3      | Learned a level 4 spell: Fulminant Prism
  2871 | D:3      | Reached skill level 5 in Spellcasting
  3528 | D:4      | Reached XP level 5. HP: 28/28 MP: 11/14
  3585 | D:4      | Noticed a black bear
  3591 | D:4      | Killed a black bear
  3592 | D:4      | Reached skill level 6 in Spellcasting
  3894 | D:4      | Reached XP level 6. HP: 32/32 MP: 11/17
  3994 | D:4      | Found a glowing golden altar of the Shining One.
  4181 | D:4      | Found a white marble altar of Elyvilon.
  4307 | D:4      | Found a bloodstained altar of Trog.
  4453 | D:4      | Reached skill level 7 in Spellcasting
  4644 | D:5      | Entered Level 5 of the Dungeon
  4649 | D:5      | Reached XP level 7. HP: 36/36 MP: 14/20
  4834 | D:5      | Found Fazieteh's Distillery.
  4840 | D:5      | Reached skill level 8 in Spellcasting
  4928 | D:5      | Noticed Menkaure
  4937 | D:5      | Killed Menkaure
  5143 | D:5      | Found Ifiorph's General Store.
  5156 | D:5      | Reached skill level 9 in Spellcasting
  5335 | D:5      | Reached XP level 8. HP: 41/41 MP: 19/23
  5561 | D:5      | Identified the +1 scale mail "Lemosih" {rElec rF+ rC-
                  | rCorr}
  5817 | D:5      | Found Xycsolle's Jewellery Shoppe.
  6457 | D:6      | Noticed Prince Ribbit
  6470 | D:6      | Killed Prince Ribbit
  6471 | D:6      | Reached skill level 10 in Spellcasting
  6489 | D:6      | Noticed Sigmund
  6516 | D:6      | Killed Sigmund
  6615 | D:6      | Reached skill level 11 in Spellcasting
  6615 | D:6      | Reached skill level 10 in Conjurations
  6628 | D:6      | Found a sand-covered staircase.
  6633 | Ossuary  | Entered an ossuary
  7236 | D:6      | Found a burning altar of Makhleb.
  7239 | D:6      | Reached XP level 9. HP: 45/45 MP: 22/26
  7740 | D:6      | Reached skill level 12 in Spellcasting
  8485 | D:7      | Found a runed translucent door.
  8486 | D:7      | Noticed Crazy Yiuf
  8492 | D:7      | Killed Crazy Yiuf
  8549 | D:7      | Found a sacrificial altar of Ru.
  8648 | D:7      | Learned a level 3 spell: Conjure Flame
  8660 | D:7      | Found a staircase to the Ecumenical Temple.
  8666 | Temple   | Entered the Ecumenical Temple
  8711 | Temple   | Became a worshipper of Ashenzari the Shackled
  8915 | D:7      | Found a runed translucent door.
  8926 | D:7      | Found the +10 tower shield of Ignorance {rN+ Int-4}
  8932 | D:7      | Found a runed translucent door.
  8933 | D:7      | Noticed an orange crystal statue
  9018 | D:7      | Slain by a killer bee

Illustrated notes

Levels and vault maps discovered:
D:1:      amcnicky_arrival_double_pillar, layout_loops_corners,
          hellmonk_ecumenical_altar_inner_sanctum
D:2:      layout_basic, hangedman_decor_clover_reticule,
          kennysheep_generic_room_12
D:3:      layout_basic, nicolae_wu_jian_wuxing_cycle
D:4:      layout_loops_cross, trog_butcher_becter, lemuel_tele_altar,
          nicolae_elyvilon_temple_path
D:5:      layout_loops_corners, serial_shops, nicolae_shop_advertising_works
          [nicolae_subvault_shop_adworks], shop, kennysheep_mini, uniq_menkaure
D:6:      layout_loops_cross, makhleb_blood_cavern_becter, enter_ossuary_5,
          uniq_sigmund, uniq_prince_ribbit1
D:7:      layout_gridville, nicolae_ru_path_of_blood, minmay_temple_entry_hall,
          chequers_guarded_unrand_ignorance, uniq_pikel, uniq_crazy_yiuf_cottage
Temple:   nicolae_temple_slightly_damp_pantheon

Skill      XL: |  1  2  3  4  5  6  7  8  9 |
---------------+----------------------------+-----
Spellcasting   | 4 5 6 7 9 11 12 | 12.1
Conjurations   | 5 6 7 8 10 | 10.9
Fighting       | |  0.3
Dodging        | |  2.6
Stealth        | |  2.4
Fire Magic     | |  0.5

Action                   |  1- 3 |  4- 6 |  7- 9 || total
-------------------------+-------+-------+-------++-------
Melee: Dagger            |       |       |     8 ||     8
 Cast: Magic Dart        |    80 |    70 |   100 ||   250
       Searing Ray       |       |    15 |    49 ||    64
       Fulminant Prism   |       |       |     7 ||     7
  Use: Scroll            |     1 |     6 |     6 ||    13
       Potion            |       |       |     1 ||     1
Armor: Robe              |     3 |     2 |    39 ||    44
Dodge: Dodged            |     8 |     3 |    73 ||    84
